General information
- name: grudge
- type: Custom game
- host: TIMG4STRok
- saver: TIMG4STRok
map: EchoIsles
- players: 5
- length: 10:17
- speed: Fast
- version: 1.24 W3XP
- replay type:

» download(49 KB)
Players
team 1 (winner)
TIMG4STRok (
gray | 181 APM | 1868 actions | 10:17)
2 Far Seer
1 Feral Spirit
1 Chain Lighting
2 Shadow Hunter
1 Hex
1 Healing Wave
» actions
| Assign group hotkey | 21 | |
| Basic commands | 12 | |
| Build / train | 30 | |
| ESC pressed | 1 | |
| Enter build submenu | 10 | |
| Enter hero's abilities submenu | 4 | |
| Right click | 998 | |
| Select / deselect | 209 | |
| Select group hotkey | 516 | |
| Use ability | 67 | |
1868 total
» units
» upgrades
» buildings
| Altar of Storms | 1 | |
| Orc Burrow | 4 | |
| Stronghold | 2 | |
| Beastiary | 3 | |
| Voodoo Lounge | 1 | |
11 total
» build order
00:02 Altar of Storms
00:19 Orc Burrow
01:48 Stronghold
02:01 Orc Burrow
03:20 Orc Burrow
04:11 Beastiary
04:22 Beastiary
05:13 Voodoo Lounge
06:02 Beastiary
07:11 Orc Burrow
» items
| Healing Salve | 1 | |
| Lesser Clarity Potion | 1 | |
| Scroll of Speed | 1 | |
3 total
team 2 (loser)
McCain. (
dark-green | 196 APM | 2019 actions | 10:17)
1 Blademaster
1 Wind Walk
1 Shadow Hunter
1 Hex
» actions
| Assign group hotkey | 12 | |
| Basic commands | 2 | |
| Build / train | 69 | |
| Enter build submenu | 11 | |
| Enter hero's abilities submenu | 3 | |
| Give item / drop item | 1 | |
| Remove unit from queue | 5 | |
| Right click | 943 | |
| Select / deselect | 218 | |
| Select group hotkey | 667 | |
| Use ability | 88 | |
2019 total
» units
| Peon | 18 | |
| Grunt | 15 | |
| Raider | 3 | |
| Spirit Walker | 2 | |
38 total
» upgrades
| Ensnare | 1 | |
| Berserker Strength | 1 | |
2 total
» buildings
| Altar of Storms | 1 | |
| Orc Burrow | 4 | |
| Barracks | 1 | |
| Voodoo Lounge | 1 | |
| Stronghold | 5 | |
| Beastiary | 1 | |
| Spirit Lodge | 1 | |
14 total
» build order
00:03 Altar of Storms
00:15 Orc Burrow
00:35 Barracks
01:37 Orc Burrow
01:52 Voodoo Lounge
02:56 Stronghold
02:57 Stronghold
02:57 Stronghold
03:56 Orc Burrow
05:28 Beastiary
05:29 Spirit Lodge
06:11 Orc Burrow
» items
| Healing Salve | 4 | |
| Boots of Speed | 3 | |
| Scroll of Speed | 1 | |
8 total
observersWhiteRum,
ESKA]SPLASH,
Mata. Chat log
(00:07 / All) TIMG4STRok: glgl
(00:12 / All) McCain.: gl hf brah
(10:11 / All) McCain.: raiders stuck in buildings -_- gg
(10:13 / All) TIMG4STRok: \gg